Map: 월드 오브 슬리퍼스 - 래더

Players

Armani - Winner!

  • Race: Zerg Zerg
  • League: Grandmaster
  • Spawn Location: 7:00

Hurricane

  • Race: Protoss Protoss
  • League: Master
  • Spawn Location: 1:00

VOD

Have the link to the VOD?

Description

Time

  • Played on: Jan. 8, 2020, 6:08 a.m.
  • Length: 22:39
Show
View Real Time Build Order
Export as new Build Order

Armani Zerg - Winner!

Build Orders: Hatch First, Brood Lord Corruptor 

Get SALT Encoding   

  12  0:01  Drone  
  13  0:12  Overlord  
  13  0:17  Drone  
  14  0:32  Drone x2  
  16  0:49  Hatchery  
  15  0:53  Drone  
  15  0:55  Drone  
  17  0:58  Drone  
  18  1:10  Extractor  
  17  1:14  Spawning Pool  
  17  1:17  Drone  
  17  1:20  Drone  
  18  1:29  Drone  
  19  1:42  Drone  
  20  1:48  Hatchery  
  20  1:52  Drone  
  20  2:00  Queen  
  22  2:04  Drone  
  22  2:07  Drone  
  24  2:16  Queen  
  24  2:21  Overlord  
  26  2:25  Metabolic Boost  
  26  2:29  Drone  
  27  2:31  Zergling x2  
  28  2:39  Zergling x2  
  28  2:40  Drone x2  
  31  2:45  Drone  
  31  2:49  Queen  
  34  2:52  Drone  
  34  2:56  Overlord  
  35  3:00  Drone  
  35  3:05  Queen  
  36  3:08  Drone  
  36  3:09  Drone  
  36  3:12  Drone  
  41  3:16  Drone  
  43  3:20  Spore Crawler, Drone x2  
  43  3:22  Drone  
  43  3:26  Overlord  
  44  3:31  Queen  
  44  3:33  Drone  
  47  3:35  Drone  
  47  3:37  Drone  
  47  3:38  Drone  
  50  3:42  Evolution Chamber  
  50  3:43  Overlord  
  49  3:48  Drone  
  49  3:49  Evolution Chamber  
  49  3:50  Drone  
  49  3:54  Overlord  
  50  4:03  Zergling x6  
  50  4:04  Drone x4  
  50  4:08  Zerg Melee Weapons Level 1  
  57  4:11  Overlord  
  57  4:14  Drone x2  
  57  4:16  Drone  
  61  4:17  Drone  
  61  4:19  Drone  
  61  4:20  Drone  
  61  4:21  Overlord  
  63  4:25  Drone  
  63  4:27  Drone x2  
  63  4:30  Drone  
  67  4:35  Roach Warren  
  67  4:36  Drone  
  67  4:37  Drone x3  
  70  4:42  Drone  
  70  4:43  Extractor x2, Drone  
  70  4:47  Drone  
  70  4:48  Zergling x6  
  70  4:51  Lair, Overlord  
  74  4:55  Spore Crawler  
  74  4:57  Overlord  
  72  5:00  Overlord  
  72  5:02  Drone  
  72  5:03  Spore Crawler  
  72  5:04  Drone x2  
  72  5:05  Drone  
  72  5:07  Drone  
  72  5:08  Drone  
  72  5:10  Drone x2  
  72  5:11  Drone  
  72  5:13  Drone  
  76  5:15  Drone  
  76  5:17  Drone  
  76  5:18  Drone  
  77  5:23  Drone, Overlord  
  77  5:26  Extractor x2  
  75  5:28  Overlord  
  75  5:30  Roach  
  79  5:35  Roach  
  79  5:39  Roach  
  79  5:40  Roach  
  83  5:43  Roach  
  83  5:48  Roach x3  
  91  5:51  Glial Reconstitution  
  91  5:54  Roach  
  91  5:56  Drone  
  94  5:57  Zergling x2, Spine Crawler  
  94  5:58  Zergling x10  
  102  6:04  Roach x3  
  102  6:08  Overseer  
  104  6:12  Spore Crawler  
  104  6:15  Drone  
  104  6:16  Spore Crawler, Drone  
  104  6:17  Spore Crawler  
  104  6:18  Drone, Queen  
  105  6:19  Queen x2  
  105  6:24  Drone  
  105  6:25  Drone  
  111  6:26  Drone  
  111  6:27  Extractor  
  111  6:28  Baneling Nest  
  111  6:30  Drone x2  
  111  6:32  Drone x2  
  112  6:34  Drone  
  112  6:37  Overlord  
  112  6:38  Overlord  
  113  6:40  Overlord  
  113  6:44  Drone x2  
  113  6:45  Drone  
  113  6:46  Drone  
  107  6:51  Drone  
  107  6:52  Drone  
  101  6:59  Zergling x2  
  101  7:00  Zergling x8  
  100  7:05  Hatchery  
  97  7:09  Queen x2  
  97  7:13  Queen  
  103  7:16  Spore Crawler  
  103  7:18  Zergling x8  
  103  7:20  Centrifical Hooks  
  106  7:23  Drone x2  
  106  7:24  Drone  
  106  7:27  Zergling x2  
  106  7:28  Zergling x4  
  107  7:34  Zerg Melee Weapons Level 2  
  107  7:37  Infestation Pit  
  107  7:39  Zerg Ground Armor Level 1  
  107  7:41  Zergling x12  
  107  7:43  Drone  
  113  7:44  Drone  
  113  7:45  Drone  
  111  7:53  Drone x2  
  111  7:55  Drone x2  
  111  7:58  Drone x2  
  108  7:59  Drone  
  108  8:00  Drone x3  
  108  8:02  Drone x2  
  114  8:09  Drone  
  114  8:11  Drone x2  
  117  8:17  Overlord  
  117  8:18  Drone, Queen  
  120  8:29  Roach x4  
  120  8:32  Overlord x2  
  120  8:33  Drone x2  
  126  8:34  Drone  
  126  8:35  Drone  
  126  8:38  Overlord x2  
  126  8:40  Hive  
  128  8:44  Drone x2  
  128  8:45  Spire  
  128  8:50  Roach x6  
  142  8:55  Roach  
  142  8:56  Roach x2  
  142  8:57  Drone  
  142  8:59  Drone x3  
  142  9:01  Extractor  
  148  9:03  Drone x2  
  148  9:04  Overlord  
  148  9:07  Ravager x4  
  153  9:17  Ravager x8  
  153  9:18  Zergling x2  
  153  9:19  Zergling x18  
  153  9:23  Drone  
  167  9:24  Drone x3  
  167  9:28  Baneling x9  
  167  9:29  Baneling x6  
  167  9:30  Baneling x3  
  169  9:31  Drone  
  169  9:33  Drone  
  169  9:35  Drone x2  
  172  9:42  Zergling x8  
  172  9:44  Overlord x2  
  176  9:49  Hatchery, Overlord  
  171  10:00  Greater Spire, Zerg Melee Weapons Level 3  
  171  10:04  Zergling x20  
  171  10:05  Zergling x2  
  181  10:13  Zerg Ground Armor Level 2  
  179  10:14  Adrenal Glands  
  179  10:18  Corruptor x3  
  185  10:22  Corruptor  
  187  10:35  Zergling x16  
  195  10:38  Overlord  
  194  10:43  Baneling x7  
  194  10:45  Hatchery  
  194  10:46  Corruptor x2  
  194  10:47  Zergling x2  
  194  10:48  Overlord  
  194  10:49  Overlord  
  198  11:02  Spore Crawler, Extractor x2  
  198  11:03  Zergling x10  
  196  11:05  Baneling x17  
  196  11:06  Baneling  
  180  11:13  Baneling  
  157  11:28  Zergling x36  
  145  11:46  Brood Lord x2  
  149  11:47  Baneling  
  149  11:48  Baneling x4  
  149  11:49  Baneling x2  
  149  11:50  Baneling  
  149  11:51  Baneling  
  149  11:56  Brood Lord, Hatchery  
  149  12:00  Brood Lord  
  152  12:06  Brood Lord  
  147  12:13  Corruptor x2  
  145  12:17  Baneling x4  
  145  12:24  Zergling x2  
  145  12:25  Zergling x8  
  145  12:28  Drone  
  151  12:34  Extractor  
  150  12:40  Drone x2  
  150  12:43  Corruptor x3  
  158  12:56  Drone  
  158  13:00  Hatchery  
  158  13:02  Zergling x2  
  158  13:03  Zergling x10  
  159  13:17  Baneling x6  
  159  13:21  Spine Crawler, Drone x2  
  159  13:22  Spine Crawler  
  158  13:27  Viper x2  
  158  13:28  Viper  
  158  13:31  Zerg Flyer Weapons Level 1  
  158  13:33  Zergling x12  
  170  13:43  Brood Lord x2  
  170  13:47  Corruptor  
  176  13:50  Zergling x12  
  176  13:54  Baneling  
  176  13:55  Baneling x5  
  182  13:58  Extractor  
  181  14:06  Corruptor x2  
  178  14:11  Corruptor  
  178  14:30  Corruptor  
  178  14:31  Corruptor x2  
  177  14:33  Zergling x2  
  177  14:34  Zergling x20  
  183  14:43  Drone x3  
  173  14:52  Zergling x4  
  169  14:53  Zergling x24  
  175  15:02  Corruptor x3  
  181  15:13  Corruptor x3  
  181  15:26  Corruptor x3  
  187  15:28  Drone  
  187  15:29  Drone x2  
  187  15:31  Overseer x2  
  190  15:48  Spine Crawler  
  190  15:49  Spine Crawler  
  188  15:52  Hatchery  
  188  15:54  Brood Lord  
  189  16:04  Pneumatized Carapace  
  189  16:09  Corruptor x2  
  191  16:16  Zerg Flyer Weapons Level 2  
  191  16:18  Drone  
  192  16:28  Baneling x9  
  192  16:29  Corruptor, Baneling x6  
  193  16:47  Corruptor x3  
  181  17:13  Zergling x26  
  185  17:19  Brood Lord  
  185  17:20  Corruptor x2  
  187  17:30  Hatchery  
  187  17:33  Viper x2  
  187  17:35  Corruptor x2  
  196  17:57  Baneling  
  196  17:58  Baneling x18  
  196  18:03  Spine Crawler  
  195  18:08  Spine Crawler x2  
  195  18:09  Spine Crawler  
  195  18:12  Overseer x2  
  192  18:19  Zergling x6  
  199  18:20  Zergling x8  
  199  18:47  Baneling  
  199  18:48  Baneling x5  
  197  18:58  Corruptor x3  
  143  19:20  Zergling x36  
  143  19:21  Zergling x2  
  115  19:56  Roach x11  
  134  20:04  Baneling x7  
  134  20:22  Ravager x5  
  134  20:23  Ravager x6  
  134  20:25  Overseer  
  145  20:28  Hatchery  
  145  20:31  Zergling x8  
  148  20:39  Extractor x2  
  148  20:40  Baneling x2  
  146  20:46  Zergling x12  
  146  20:47  Zergling x2  
  153  20:51  Overseer  
  152  21:00  Baneling x2  
  152  21:02  Zergling x16  
  160  21:08  Zergling x8  
  164  21:12  Baneling x2  
  164  21:17  Zergling x10  
  167  21:29  Zergling x14  
  174  21:33  Baneling x4  
  174  21:34  Baneling  
  170  21:51  Zergling x14  
  171  21:55  Baneling x4  
  171  21:58  Hatchery  
  127  22:10  Zergling x12  
  130  22:17  Roach  
Show
View Real Time Build Order
Export as new Build Order

Hurricane Protoss 

Build Orders: 1 Gate Expand, Oracle Opening, Phoenix Opening, Carriers, Chargelot Immortal, Mass Phoenix 

Get SALT Encoding   

  12  0:00  Probe  
  13  0:12  Probe  
  14  0:21  Pylon  
  14  0:24  Probe  
  15  0:31  Assimilator  
  15  0:39  Probe (Chrono Boost)  
  16  0:45  Gateway  
  16  0:49  Probe (Chrono Boost)  
  17  0:54  Probe (Chrono Boost)  
  18  1:05  Probe  
  19  1:17  Probe  
  20  1:24  Nexus  
  20  1:33  Cybernetics Core  
  20  1:35  Probe  
  21  1:44  Assimilator  
  21  1:48  Probe  
  21  1:52  Pylon  
  22  2:00  Probe  
  23  2:07  Adept (Chrono Boost)  
  23  2:13  Probe  
  26  2:17  Stargate  
  26  2:25  Probe (Chrono Boost)  
  26  2:26  Warp Gate  
  27  2:30  Adept  
  27  2:36  Probe (Chrono Boost)  
  30  2:37  Probe (Chrono Boost)  
  31  2:46  Probe x2 (Chrono Boost)  
  31  2:51  Probe x2 (Chrono Boost)  
  35  3:02  Phoenix (Chrono Boost)  
  35  3:03  Probe x2  
  39  3:07  Pylon  
  39  3:15  Probe x2  
  39  3:18  Assimilator  
  41  3:22  Oracle (Chrono Boost)  
  44  3:27  Probe x2  
  44  3:33  Assimilator  
  46  3:34  Gateway  
  46  3:39  Probe  
  47  3:45  Probe  
  48  3:51  Probe  
  48  3:52  Oracle (Chrono Boost)  
  52  3:57  Probe  
  52  3:58  Pylon  
  52  3:59  Pylon  
  53  4:03  Probe  
  53  4:09  Pylon, Stargate  
  54  4:16  Probe x2  
  56  4:19  Phoenix (Chrono Boost)  
  56  4:23  Pylon  
  58  4:28  Probe  
  59  4:34  Probe  
  59  4:35  Zealot  
  59  4:36  Zealot  
  59  4:37  Phoenix  
  66  4:40  Probe  
  67  4:50  Robotics Facility  
  67  4:55  Phoenix  
  67  4:57  Zealot  
  71  5:02  Phoenix  
  73  5:09  Probe x2  
  73  5:11  Twilight Council  
  73  5:12  Forge  
  75  5:25  Zealot x2  
  79  5:30  Phoenix (Chrono Boost)  
  83  5:37  Pylon  
  83  5:39  Phoenix (Chrono Boost)  
  83  5:45  Pylon, Nexus  
  83  5:46  Phoenix (Chrono Boost)  
  85  5:51  Protoss Ground Weapons Level 1 (Chrono Boost)  
  85  5:52  Pylon  
  85  5:53  Observer  
  86  6:03  Phoenix (Chrono Boost)  
  88  6:04  Probe x2, Charge  
  88  6:09  Phoenix  
  92  6:16  Probe  
  93  6:24  Probe  
  94  6:28  Probe  
  95  6:33  Sentry  
  95  6:34  Sentry  
  95  6:36  Immortal (Chrono Boost)  
  95  6:38  Shield Battery  
  97  6:52  Probe x2  
  99  6:57  Robotics Facility  
  99  7:03  Gateway  
  99  7:05  Probe x3, Gateway  
  99  7:07  Gateway  
  102  7:11  Gateway  
  102  7:12  Gateway  
  102  7:13  Zealot  
  102  7:14  Gateway  
  104  7:17  Pylon  
  104  7:18  Immortal  
  104  7:20  Probe  
  104  7:21  Probe  
  110  7:27  Probe  
  110  7:29  Assimilator x2  
  111  7:35  Templar Archives  
  111  7:36  Pylon  
  111  7:37  Probe x2  
  111  7:41  Pylon  
  113  7:58  Immortal (Chrono Boost)  
  113  7:59  Immortal (Chrono Boost)  
  113  8:05  Zealot x3  
  121  8:06  Zealot  
  121  8:10  Probe x2  
  121  8:12  Photon Cannon  
  129  8:13  Protoss Ground Weapons Level 2  
  129  8:19  High Templar, Zealot x2  
  133  8:22  High Templar  
  133  8:27  Archon  
  135  8:28  Immortal (Chrono Boost)  
  135  8:32  Immortal (Chrono Boost)  
  139  8:37  Pylon  
  139  8:38  Pylon  
  139  8:39  Pylon  
  139  8:40  Pylon  
  143  8:44  Psionic Storm  
  143  8:55  High Templar  
  145  8:57  High Templar, Pylon  
  145  8:59  Nexus  
  147  9:05  Immortal (Chrono Boost)  
  149  9:11  Immortal (Chrono Boost)  
  153  9:37  High Templar  
  155  9:39  High Templar  
  155  9:41  Immortal (Chrono Boost)  
  155  9:43  Photon Cannon  
  155  9:45  Immortal (Chrono Boost), Photon Cannon  
  165  9:47  Shield Battery  
  165  9:50  Photon Cannon  
  153  10:00  Probe x2  
  153  10:01  Probe  
  152  10:12  Probe x2 (Chrono Boost)  
  152  10:13  Probe (Chrono Boost)  
  152  10:18  Probe (Chrono Boost), Warp Prism  
  152  10:23  Probe x2 (Chrono Boost), High Templar x4  
  152  10:24  Probe (Chrono Boost), Warp Prism  
  152  10:27  Probe (Chrono Boost), Archon x2  
  152  10:28  Probe x2 (Chrono Boost)  
  164  10:32  Probe  
  167  10:37  Probe  
  167  10:38  Probe  
  169  10:47  High Templar x2, Zealot x2  
  177  10:52  Archon  
  174  11:14  Fleet Beacon, Blink  
  170  11:19  Stargate  
  170  11:22  Archon  
  150  11:28  Zealot x7  
  133  11:35  Zealot  
  127  11:48  High Templar, Gateway  
  127  11:49  High Templar x3  
  127  11:50  Zealot x3  
  127  11:51  Gateway  
  141  11:54  Archon x2  
  129  12:14  High Templar  
  129  12:15  Zealot x3  
  130  12:16  Probe x2  
  130  12:17  Probe  
  130  12:18  Probe  
  130  12:21  Assimilator  
  134  12:27  Tempest x3 (Chrono Boost)  
  134  12:28  Probe, Nexus  
  135  12:31  Probe  
  135  12:32  Probe x2  
  135  12:35  Photon Cannon  
  153  12:40  Probe  
  154  12:50  Probe  
  155  12:58  Zealot  
  155  12:59  Zealot x4  
  155  13:02  Probe, Protoss Ground Weapons Level 3, Pylon  
  155  13:03  Probe  
  164  13:13  Void Ray x3 (Chrono Boost)  
  174  13:23  Immortal, Observer  
  174  13:25  Probe  
  174  13:36  Nexus  
  172  13:42  Shield Battery  
  172  13:43  Photon Cannon  
  172  13:45  Pylon  
  172  13:46  High Templar x2  
  176  13:52  Photon Cannon  
  176  13:53  Photon Cannon, Zealot x7  
  176  13:54  Zealot  
  192  13:56  Assimilator  
  192  14:00  Assimilator  
  190  14:06  Carrier (Chrono Boost)  
  196  14:15  Carrier (Chrono Boost)  
  196  14:18  Nexus  
  196  14:22  Zealot  
  182  14:33  Probe x2, Carrier (Chrono Boost)  
  176  14:47  Probe  
  171  14:54  Cybernetics Core  
  171  14:59  Carrier (Chrono Boost)  
  163  15:10  Carrier (Chrono Boost)  
  163  15:11  Protoss Air Weapons Level 1 (Chrono Boost)  
  169  15:14  Zealot x2  
  169  15:15  Zealot  
  169  15:21  Carrier (Chrono Boost)  
  171  15:30  Probe x4  
  175  15:40  Probe  
  175  15:42  Probe  
  177  15:44  Probe x2  
  177  15:45  Probe  
  177  15:48  High Templar x2, Zealot  
  184  15:51  Zealot  
  184  15:52  Probe  
  187  16:00  Probe x2  
  187  16:02  Zealot x2  
  187  16:03  Probe  
  194  16:16  High Templar  
  194  16:17  High Templar  
  194  16:18  Protoss Air Armor Level 1 (Chrono Boost)  
  196  16:22  Archon  
  196  16:28  Photon Cannon  
  190  16:49  Zealot x5  
  162  17:11  Probe x2  
  162  17:12  Probe  
  162  17:13  Zealot x5  
  175  17:21  High Templar x4  
  183  17:28  Carrier x2 (Chrono Boost)  
  173  17:31  Nexus  
  173  17:32  Pylon  
  180  17:44  Carrier (Chrono Boost)  
  180  17:46  Mothership (Chrono Boost)  
  194  18:07  Zealot x3  
  200  18:14  Photon Cannon  
  193  18:48  Zealot x3  
  193  18:50  Zealot x2  
  169  19:16  Stalker  
  169  19:17  Stalker x8  
  128  19:24  Stalker  
  98  19:41  Archon  
  98  19:45  High Templar x4  
  86  19:51  Zealot x3  
  86  19:52  Zealot x2  
  94  19:55  Zealot  
  88  20:01  Observer (Chrono Boost)  
  88  20:06  Probe  
  88  20:07  Probe x2  
  89  20:14  Probe  
  89  20:15  Nexus  
  89  20:16  Probe  
  89  20:18  Probe  
  89  20:20  Observer (Chrono Boost)  
  93  20:30  High Templar x2, Zealot  
  93  20:31  Zealot  
  100  20:38  Archon  
  100  20:40  High Templar x2  
  100  20:41  Zealot x2  
  108  20:45  Archon  
  108  20:47  Zealot x2  
  112  21:03  Stalker x4  
  120  21:09  Stalker  
  122  21:28  Nexus  
  115  22:05  Archon  
  66  22:11  High Templar x4  
  66  22:12  Zealot x6  
Tags
 
Add a new tag
Caveats
  • Supply blocks, unpowered buildings, or Contaminate may cause inaccurate times.
  • Supply counts are checked every 10 seconds.